 Dungeon Crawl Stone Soup version 0.19.1 (webtiles) character file.

637 Faustar the Skirmisher (level 7, 0/39 HPs)
             Began as a Vine Stalker Berserker on Dec 18, 2016.
             Was a Believer of Trog.
             Slain by TheForgottenOwl's ghost (3 damage)
             ... in an ossuary.
             The game lasted 00:05:14 (3324 turns).

Faustar the Skirmisher (Vine Stalker Berserker)     Turns: 3324, Time: 00:05:17

Health: 0/39       AC:  7    Str: 22    XL:     7   Next: 50%
Magic:  0/8        EV: 11    Int:  7    God:    Trog [**....]
Gold:   144        SH:  0    Dex: 13    Spells: 0 memorised, 6 levels left

rFire  . . .     SeeInvis .     a - +0 mace
rCold  + . .     Gourm    .     q - +1 ring mail {rC+}
rNeg   . . .     Faith    .     (no shield)
rPois  .         Spirit   +     (no helmet)
rElec  .         Reflect  .     f - +0 cloak
rCorr  .         Harm     .     (no gloves)
MR     .....                    (no boots)
Stlth  +.........               (no amulet)
                                (no ring)
                                (no ring)

@: exhausted, slowed, very slow
A: fangs 2, regeneration 1, magic shield, antimagic bite, no device heal 3, rot
immunity
a: Berserk, Trog's Hand, Burn Spellbooks, Renounce Religion


You were in an ossuary.
You worshipped Trog.
Trog was pleased with you.
You were very hungry.

You visited 1 branch of the dungeon, and saw 4 of its levels.
You also visited: Ossuary.

You collected 144 gold pieces.

Inventory:

Hand Weapons
 a - a +0 mace (weapon)
Armour
 b - a +0 animal skin
 f - a +0 cloak (worn)
 q - a +1 ring mail of cold resistance (worn)
Jewellery
 n - an uncursed ring of flight {unknown}
Scrolls
 c - a scroll of amnesia {unknown}
 e - a scroll of recharging {unknown}
 g - 2 scrolls of teleportation {unknown}
 h - 2 scrolls of identify
Potions
 i - 2 potions of flight
Books
 j - a book of Misfortune

   Spells                             Type                      Level
   a - Confusing Touch                Hexes                        1
   b - Confuse                        Hexes                        3
   c - Gell's Gravitas                Hexes/Translocation          3
   d - Petrify                        Transmutation/Earth          4
   e - Metabolic Englaciation         Hexes/Ice                    5
   f - Yara's Violent Unravelling     Hexes/Transmutation          5
   Trog disapproves of the use of such an item.
Comestibles
 d - a bread ration
 l - 2 meat rations


   Skills:
 + Level 5.7 Fighting
 + Level 5.7 Maces & Flails
 - Level 1.5 Armour
 - Level 1.5 Dodging


You had 6 spell levels left.
You didn't know any spells.

Dungeon Overview and Level Annotations

Branches:
Dungeon (4/15)
 Temple: D:4-7

Altars:
Elyvilon
Gozag
The Shining One

Shops:
D:4 =

Annotations:
D:2 Sigmund Ossuary TheForgottenOwl's ghost, amateur MiFi


Innate Abilities, Weirdness & Mutations

You have extremely sharp teeth.
Your natural rate of healing is unusually fast.
When hurt, damage is shared between your health and your magic reserves.
Your bite disrupts and absorbs the magic of your enemies.
Potions and wands cannot restore your health.
You are immune to rotting.


Message History

The human zombie hits you.
* * * LOW HITPOINT WARNING * * *
The kobold zombie closely misses you. x2; The gnoll zombie barely misses you.
The orc zombie misses you.
Unknown command.
It was a potion of heal wounds.
That seemed strangely inert.
TheForgottenOwl's ghost hits you.
* * * LOW HITPOINT WARNING * * *
The human zombie misses you. The kobold zombie misses you.
The kobold zombie hits you but does no damage.
The gnoll zombie misses you. TheForgottenOwl's ghost hits you!
* * * LOW HITPOINT WARNING * * *
The orc zombie closely misses you.
It was a potion of curing.
That felt strangely inert.
Your skin stops crawling.
You feel less resistant to hostile enchantments.
The human zombie hits you.
The kobold zombie hits you but does no damage. x2
TheForgottenOwl's ghost hits you.
You die...

...............
...............
...............
...............
...............
...............
.......WZ...M..
......∩@ZZM....
......ZZZ......
...............
...............
...............
...............
...............
...............


You could see 2 mummies, TheForgottenOwl's ghost, a gnoll zombie, 2 kobold
zombies, a big kobold zombie, an orc zombie and a human zombie.

Vanquished Creatures
  The ghost of TheForgottenOwl the Carver, an amateur MiFi (D:3)
  A scorpion (D:4)
  A hound (D:4)
  A centaur skeleton (D:4)
  A human zombie (Ossuary)
  2 orc priests (D:3)
  An orc wizard (D:3)
  2 worker ants (D:4)
  A big kobold zombie (Ossuary)
  A hound zombie (Ossuary)
  A mummy (D:4)
  5 adders
  An adder skeleton (D:4)
  3 dart slugs
  4 leopard geckos
  3 orcs (D:3)
  8 giant cockroaches
  5 goblins
  5 hobgoblins
  4 kobolds
  A quokka (D:3)
  2 ball pythons
  4 frilled lizards
  A jackal skeleton (D:4)
  2 jackal zombies (Ossuary)
  A quokka skeleton (D:4)
  4 rats
  A rat zombie (Ossuary)
67 creatures vanquished.

Vanquished Creatures (others)
  A quokka (D:3)
1 creature vanquished.

Grand Total: 68 creatures vanquished

Notes
Turn   | Place    | Note
-------+----------+-------------------------------------------
     0 | D:1      | Faustar the Vine Stalker Berserker began the quest for the Orb.
     0 | D:1      | Reached XP level 1. HP: 11/11 MP: 2/2
   298 | D:1      | Reached XP level 2. HP: 16/16 MP: 3/3
   880 | D:1      | Reached XP level 3. HP: 20/20 MP: 4/4
  1896 | D:2      | Found a glowing golden altar of the Shining One.
  1914 | D:2      | Noticed Sigmund
  1925 | D:2      | Gained mutation: Your natural rate of healing is unusually fast. [Vine Stalker growth]
  1925 | D:2      | Reached XP level 4. HP: 3/24 MP: 1/5
  1978 | D:1      | Reached ** piety under Trog
  2202 | D:3      | Found an opulent altar of Gozag.
  2204 | D:3      | Noticed TheForgottenOwl's ghost (amateur MiFi)
  2216 | D:3      | Killed TheForgottenOwl's ghost
  2216 | D:3      | Reached XP level 5. HP: 5/30 MP: 0/6
  2216 | D:3      | Reached XP level 6. HP: 6/34 MP: 0/7
  2260 | D:3      | Found a white marble altar of Elyvilon.
  2773 | D:3      | Reached skill level 5 in Maces & Flails
  2775 | D:3      | Reached skill level 5 in Fighting
  3191 | D:4      | Reached XP level 7. HP: 39/39 MP: 8/8
  3249 | D:4      | Found Maaclyso's Jewellery Emporium.
  3292 | D:4      | Found a sand-covered staircase.
  3299 | Ossuary  | Entered an ossuary
  3308 | Ossuary  | Noticed TheForgottenOwl's ghost (amateur MiFi)
  3324 | Ossuary  | Slain by TheForgottenOwl's ghost

Skill      XL: |  1  2  3  4  5  6 |
---------------+-------------------+-----
Fighting       | 3 4 5 |  5.7
Maces & Flails | 3 4 5 |  5.7
Armour         | |  1.5
Dodging        | |  1.5

Action                   |  1- 3 |  4- 6 |  7- 9 || total
-------------------------+-------+-------+-------++-------
Melee: Mace              |    89 |    73 |    44 ||   206
       Bite              |    27 |    16 |    19 ||    62
Invok: Berserk           |       |     1 |     1 ||     2
       Trog's Hand       |       |     1 |     1 ||     2
  Use: Potion            |     1 |       |     3 ||     4
       Scroll            |       |     2 |     3 ||     5
 Stab: Sleeping          |     1 |       |       ||     1
  Eat: Chunk             |     1 |     3 |     1 ||     5
       Bread ration      |     1 |       |       ||     1
Armor: Animal skin       |    18 |    10 |       ||    28
       Ring mail         |       |     8 |    39 ||    47
Dodge: Dodged            |    65 |    56 |    47 ||   168
